 Dungeon Crawl Stone Soup version 0.24.1-8-ga250c9d538 (webtiles) character file.

Game seed: 5803031883141105897, levelgen mode: deterministic

16578 Gildeon the Severer (level 12, -5/94 HPs)
             Began as a Minotaur Fighter on Apr 26, 2020.
             Was an Elder of Qazlal.
             Killed from afar by a raiju (19 damage)
             ... with a living lightning
             ... on level 11 of the Dungeon on May 2, 2020.
             The game lasted 00:41:21 (10671 turns).

Gildeon the Severer (Minotaur Fighter)             Turns: 10671, Time: 00:41:22

Health: -5/94      AC: 17    Str: 25    XL:     12   Next: 11%
Magic:  18/18      EV: 10    Int:  8    God:    Qazlal [****..]
Gold:   734        SH:  5    Dex: 17    Spells: 20/21 levels left

rFire    + . .     SeeInvis .   a - +2 war axe (venom)
rCold    . . .     Gourm    .   (no shield)
rNeg     . . .     Faith    .   v - +0 plate armour
rPois    .         Spirit   .   j - +1 hat
rElec    .         Reflect  .   E - +0 cloak
rCorr    .         Harm     .   r - +0 pair of gloves
MR       +....                  M - +0 pair of boots
Stlth    ..........             (no amulet)
HPRegen  0.25/turn              u - +6 ring of dexterity
MPRegen  0.16/turn              L - ring of Tender Moments {Wiz *Contam rF+ MR+ Int+3}

@: repel missiles
A: retaliatory headbutt, horns 2
a: Upheaval, Elemental Force, Renounce Religion


You were on level 11 of the Dungeon.
You worshipped Qazlal.
Qazlal was greatly pleased with you.
You were not hungry.

You visited 2 branches of the dungeon, and saw 13 of its levels.

You collected 734 gold pieces.

Inventory:

Hand Weapons
 a - a +2 war axe of venom (weapon)
 b - a +0 great mace
Missiles
 d - 188 stones
 m - 7 atropa-tipped darts
 p - 31 poisoned darts (quivered)
Armour
 j - a +1 hat (worn)
 r - a +0 pair of gloves (worn)
 v - a +0 plate armour (worn)
 E - a +0 cloak (worn)
 M - a +0 pair of boots (worn)
Jewellery
 g - an uncursed ring of resist corrosion
 u - a +6 ring of dexterity (left hand)
 L - the ring of Tender Moments (right hand) {Wiz *Contam rF+ MR+ Int+3}
   (You found it on level 8 of the Dungeon)

   [ring of wizardry]

   It improves your spell success rate.
   It affects your intelligence (+3).
   It protects you from fire.
   It affects your resistance to hostile enchantments.
   It causes magical contamination when unequipped.
 O - an uncursed ring of fire
Wands
 G - a wand of polymorph (10)
 N - a wand of enslavement (9)
Scrolls
 c - 9 scrolls of remove curse
 e - 4 scrolls of fear
 l - 4 scrolls of teleportation
 o - 4 scrolls of immolation
 q - 3 scrolls of blinking
 w - 4 scrolls of enchant weapon
 y - 2 scrolls of identify
 B - 2 scrolls of magic mapping
 K - a scroll of amnesia
Potions
 h - a potion of haste
 i - a potion of agility
 k - a potion of magic
 n - 3 potions of lignification
 s - 9 potions of curing
 t - 3 potions of cancellation
 x - 2 potions of flight
 C - a potion of might
 D - a potion of brilliance
 F - 2 potions of degeneration {unknown}
 H - 2 potions of mutation
Comestibles
 f - 25 rations


   Skills:
 + Level 5.4 Fighting
 + Level 15.1 Axes
 - Level 5.0 Throwing
 + Level 5.5 Armour
 + Level 5.3 Dodging
   Level 3.6 Shields
 - Level 5.0 Spellcasting
 - Level 5.0 Earth Magic
 - Level 5.0 Invocations
 - Level 5.0 Evocations


You had 20 spell levels left.
You knew the following spells:

 Your Spells              Type           Power        Failure   Level  Hunger
a - Sandblast             Erth           ##....       19%         1    #......

Your spell library contained the following spells:

 Spells                   Type           Power        Failure   Level  Hunger
 Passwall                 Tmut/Erth      #.......     58%         2    ##.....
 Corona                   Hex            #......      78%         1    #......
 Stone Arrow              Conj/Erth      #.....       80%         3    ###....
 Ensorcelled Hibernation  Hex/Ice        #.....       89%         2    ##.....
 Confuse                  Hex            #.......     98%         3    ###....
 Dazzling Spray           Conj/Hex       #.....       98%         3    ###....
 Tukima's Dance           Hex            #.......     98%         3    ###....
 Petrify                  Tmut/Erth      #.......     99%         4    #####..
 Lee's Rapid Deconstruct  Erth           ##........   99%         5    ######.


Dungeon Overview and Level Annotations

Branches:
Dungeon (12/15)            Temple (1/1) D:6            Lair (0/6) D:10
    Orc: D:9-12

Altars:
Ashenzari
Cheibriados
Dithmenos
Elyvilon
Fedhas
Gozag
Hepliaklqana
Kikubaaqudgha
Makhleb
Nemelex Xobeh
Okawaru
Qazlal
Ru
Sif Muna
Trog
Uskayaw
Vehumet
Wu Jian
Xom
Yredelemnul
Zin
The Shining One

Shops:
D:11 [

Annotations:
D:10 2 runed translucent doors, duckybubbers's ghost, journeyman HuCK


Innate Abilities, Weirdness & Mutations

You reflexively headbutt those who attack you in melee.
You have a pair of horns on your head.


Message History

* * * LOW HITPOINT WARNING * * *
The living lightning hits the raiju.
The raiju completely resists.
The raiju blinks!
The raiju closely misses you.
You closely miss the raiju. You headbutt the raiju.
You kill the raiju!
Qazlal accepts your kill.
You barely miss the raiju.
Your plate armour prevents you from hitting the raiju.
You kill the raiju!
Qazlal accepts your kill. The raiju bites you.
* * * LOW HITPOINT WARNING * * *
The raiju shocks you!
* * * LOW HITPOINT WARNING * * *
The raiju bursts into living lightning!
The living lightning misses you.
The raiju blinks!
You closely miss the raiju.
The raiju bursts into living lightning!
The living lightning hits you!!
You die...

#. #. #. ####### #.
###############.....############.
.................................
###############...h.############.
#.....#####...○...☼..............
....)...........@################
#.....#.###.#..§.h.............##
#.....#.###.#.##.#############...
##........#.#.#.................#
)######.#.#.#.#........#.######.#
..............#<)......#.# #.#
..#######.#.#.#...##...#.# #.#
..###...#.#.#.#...<....#.# #.#
........#.#.#.##.#####.#.## #.#


You could see 2 raiju.

Vanquished Creatures
  Harold (D:7)
  A hydra (D:11)
  3 two-headed ogres
  A death yak (D:9)
  A manticore (D:11)
  A gargoyle (D:10)
  A kobold demonologist (D:11)
  2 trolls
  2 raiju (D:11)
  2 dream sheep (D:11)
  2 hippogriffs
  Sigmund (D:6)
  16 yaks
  3 wyverns
  2 hungry ghosts (D:8)
  A wraith (D:9)
  4 basilisks (D:10)
  Menkaure (D:4)
  A steam dragon (D:11)
  Edmund (D:6)
  Duvessa (D:6)
  Purgy (D:4)
  A black bear (D:8)
  A swamp drake (D:10)
  9 ice beasts
  2 orc warriors
  3 sky beasts
  5 ogres
  A phantom (D:4)
  An eye of draining (D:10)
  2 wolves (D:9)
  5 centaurs
  5 big kobolds
  3 crocodiles
  Blork the orc (D:4)
  3 bullfrogs
  Dowan (D:6)
  A water moccasin skeleton (D:7)
  4 killer bees (D:10)
  8 wights
  2 howler monkeys
  An electric eel (D:9)
  5 crimson imps
  2 centaur zombies
  2 bullfrog zombies
  2 jellies
  7 orc priests
  7 hounds
  7 orc wizards
  Jessica (D:3)
  3 iguanas
  Crazy Yiuf (D:5)
  6 worker ants
  A killer bee zombie (D:6)
  2 hound skeletons
  2 worker ant zombies
  A howler monkey skeleton (D:6)
  2 howler monkey zombies
  Robin (D:3)
  13 adders
  5 gnolls
  2 shadow imps
  A white imp (D:9)
  A worker ant simulacrum (D:9)
  An ooze (D:5)
  3 worms
  3 dart slugs
  5 leopard geckos
  37 orcs
  6 giant cockroaches
  7 hobgoblins
  9 jackals
  4 quokkas
  6 ball pythons
  4 bats
  2 frilled lizards (D:1)
  16 goblins
  22 kobolds
  A leopard gecko skeleton (D:7)
  11 rats
319 creatures vanquished.

Vanquished Creatures (others)
  A white imp (D:9)
1 creature vanquished.

Grand Total: 320 creatures vanquished

Notes
Turn   | Place    | Note
-------+----------+-------------------------------------------
     0 | D:1      | Gildeon the Minotaur Fighter began the quest for the Orb.
     0 | D:1      | Reached XP level 1. HP: 19/19 MP: 0/0
   112 | D:1      | Reached skill level 3 in Axes
   127 | D:1      | Reached XP level 2. HP: 20/26 MP: 1/1
   265 | D:1      | You fall into a shaft and drop 1 floor!
   274 | D:2      | Reached skill level 4 in Axes
   335 | D:2      | Reached XP level 3. HP: 30/31 MP: 2/2
   425 | D:1      | Reached skill level 5 in Axes
   697 | D:2      | Reached XP level 4. HP: 39/39 MP: 3/3
   767 | D:2      | Upgraded the game from 0.24.1-5-g77f818bfca to
                  | 0.24.1-8-ga250c9d538
  1101 | D:2      | Found a faded altar of an unknown god.
  1154 | D:3      | Found a white marble altar of Elyvilon.
  1154 | D:3      | Found a radiant altar of Vehumet.
  1223 | D:3      | Reached skill level 6 in Axes
  1227 | D:3      | Reached XP level 5. HP: 42/45 MP: 4/4
  1269 | D:3      | Noticed Jessica
  1276 | D:3      | Killed Jessica
  1299 | D:3      | Noticed Robin
  1319 | D:3      | Killed Robin
  1319 | D:3      | Reached skill level 7 in Axes
  1697 | D:3      | Found a basalt altar of Yredelemnul.
  1697 | D:3      | Found a sparkling altar of Nemelex Xobeh.
  1774 | D:4      | Reached XP level 6. HP: 50/51 MP: 5/5
  1778 | D:4      | Noticed Blork the orc
  1786 | D:4      | Killed Blork the orc
  1786 | D:4      | Reached skill level 8 in Axes
  2016 | D:4      | Reached skill level 9 in Axes
  2121 | D:4      | Noticed Purgy
  2133 | D:4      | Killed Purgy
  2133 | D:4      | Reached XP level 7. HP: 42/57 MP: 6/6
  2443 | D:4      | Reached skill level 10 in Axes
  2471 | D:4      | Noticed Menkaure
  2476 | D:4      | Killed Menkaure
  2899 | D:5      | Entered Level 5 of the Dungeon
  3019 | D:5      | Learned a level 1 spell: Sandblast
  3158 | D:5      | Reached XP level 8. HP: 32/66 MP: 7/7
  3159 | D:5      | Reached skill level 11 in Axes
  3346 | D:5      | Reached skill level 1 in Dodging
  3420 | D:5      | Reached skill level 1 in Evocations
  3507 | D:5      | Found a runed translucent door.
  3508 | D:5      | Noticed Crazy Yiuf
  3516 | D:5      | Killed Crazy Yiuf
  3955 | D:6      | Noticed Duvessa
  3955 | D:6      | Noticed Dowan
  3972 | D:6      | Killed Duvessa
  3972 | D:6      | Reached skill level 1 in Earth Magic
  3976 | D:6      | Killed Dowan
  3976 | D:6      | Reached skill level 1 in Spellcasting
  4725 | D:6      | Reached XP level 9. HP: 73/73 MP: 10/10
  4767 | D:6      | Found a shadowy altar of Dithmenos.
  4819 | D:6      | Identified the +1 robe of Weightlessness {Str+2}
  4983 | D:6      | Reached skill level 5 in Fighting
  5014 | D:6      | Noticed Sigmund
  5022 | D:6      | Killed Sigmund
  5022 | D:6      | Reached skill level 5 in Armour
  5118 | D:6      | Found a staircase to the Ecumenical Temple.
  5127 | Temple   | Entered the Ecumenical Temple
  5224 | Temple   | Became a worshipper of Qazlal Stormbringer
  5307 | D:6      | Noticed Edmund
  5313 | D:6      | Killed Edmund
  5855 | D:7      | Noticed Harold
  5870 | D:7      | Killed Harold
  5870 | D:7      | Reached skill level 1 in Invocations
  6322 | D:8      | Reached skill level 12 in Axes
  6334 | D:8      | Got a wavering brass ring
  6374 | D:8      | Identified the ring of Tender Moments {Wiz *Contam rF+ MR+
                  | Int+3} (You found it on level 8 of the Dungeon)
  6403 | D:8      | Reached XP level 10. HP: 63/81 MP: 13/13
  6410 | D:8      | Reached * piety under Qazlal
  6503 | D:8      | Noticed a two-headed ogre
  6511 | D:8      | Killed a two-headed ogre
  6511 | D:8      | Reached skill level 1 in Throwing
  6511 | D:8      | Reached skill level 5 in Dodging
  7446 | D:9      | Noticed a two-headed ogre
  7451 | D:9      | Killed a two-headed ogre
  7530 | D:9      | Noticed a death yak
  7543 | D:9      | Killed a death yak
  7543 | D:9      | Reached skill level 5 in Evocations
  7548 | D:9      | Reached ** piety under Qazlal
  7690 | D:9      | Reached XP level 11. HP: 54/86 MP: 15/15
  8462 | D:10     | Entered Level 10 of the Dungeon
  8481 | D:10     | Reached *** piety under Qazlal
  8696 | D:10     | Reached skill level 5 in Invocations
  8744 | D:10     | Reached skill level 5 in Earth Magic
  8752 | D:10     | Reached skill level 13 in Axes
  9083 | D:10     | Found a runed translucent door.
  9084 | D:10     | Noticed a yaktaur captain
  9084 | D:10     | Noticed a skeletal warrior
  9084 | D:10     | Noticed a lich
  9085 | D:10     | Noticed a stone giant
  9085 | D:10     | Noticed duckybubbers's ghost (journeyman HuCK)
  9085 | D:10     | Noticed a skeletal warrior
  9086 | D:10     | Found a runed translucent door.
  9087 | D:10     | Noticed a brown ugly thing
  9087 | D:10     | Noticed a necromancer
  9087 | D:10     | Noticed a skeletal warrior
  9182 | D:10     | Reached skill level 5 in Throwing
  9220 | D:10     | Found a staircase to the Lair.
  9468 | D:10     | Noticed a two-headed ogre
  9481 | D:10     | Killed a two-headed ogre
  9481 | D:10     | Reached skill level 5 in Spellcasting
  9751 | D:11     | Reached **** piety under Qazlal
  9760 | D:11     | Reached skill level 14 in Axes
 10361 | D:11     | Found Dusuptamn's Antique Armour Boutique.
 10419 | D:11     | Reached skill level 15 in Axes
 10419 | D:11     | Reached XP level 12. HP: 92/94 MP: 18/18
 10452 | D:11     | Noticed a two-headed hydra
 10457 | D:11     | Killed a two-headed hydra
 10667 | D:12     | Noticed a storm dragon
 10671 | D:11     | Killed from afar by a raiju

Levels and vault maps discovered:
D:1:      scummos_arrival_gate, layout_basic, minmay_heptomino_l4
D:2:      layout_basic, chequers_ecumenical_altar_lobes, first_ration,
          serial_bayou_pond_b, grunt_ministairs_15, skrybe_limestone_x
D:3:      layout_rooms, amethyst_overflow_temple_binary,
          grunt_temple_overflow_open, uniq_jessica, uniq_robin
D:4:      layout_layer_cave, uniq_menkaure, uniq_blork_the_orc, uniq_purgy
D:5:      kennysheep_big_flooded_room, layout_loops_ring,
          uniq_crazy_yiuf_cottage
D:6:      layout_cave_pods, minmay_temple_entry_crystal_x,
          grunt_dithmenos_smoke_and_mirrors, uniq_duvessa, uniq_edmund,
          uniq_sigmund
D:7:      layout_basic, uniq_harold
D:8:      layout_basic
D:9:      minmay_diamond_stairs, layout_irregular_city, serial_ice,
          serial_ice_m, serial_ice_j, serial_ice_f, serial_ice_a
D:10:     layout_long_grid, erik_lair_dragon, muffindrake_ghost_dual_entry
D:11:     layout_basic, serial_shops, nicolae_shop_overgrown_old_shop,
          hangedman_ranch [blue_anna_fruit_fields]
D:12:     minmay_shoctagon, layout_loops_ring, orc_david_3
Temple:   regret_index_temple_mists

Skill      XL: |  1  2  3  4  5  6  7  8  9 10 11 |
---------------+----------------------------------+-----
Axes           | 3 4 5 6 7 9 10 11 12 15 | 15.1
Fighting       | 4 5 |  5.4
Dodging        | 2 4 5 |  5.3
Armour         | 4 5 |  5.5
Evocations     | 2 3 5 |  5.0
Earth Magic    | 1 3 4 5 |  5.0
Spellcasting   | 1 3 5 |  5.0
Invocations    | 2 4 5 |  5.0
Throwing       | 3 5 |  5.0
Shields        | |  3.6

Action                   |  1- 3 |  4- 6 |  7- 9 | 10-12 || total
-------------------------+-------+-------+-------+-------++-------
Melee: War axe           |    66 |   129 |   238 |   388 ||   821
       Headbutt          |    10 |    19 |    65 |   113 ||   207
       Great mace        |       |       |       |     6 ||     6
Throw: Dart              |       |       |       |    61 ||    61
Evoke: Wand              |       |       |    13 |    11 ||    24
  Use: Scroll            |       |     9 |     8 |     4 ||    21
       Potion            |       |     1 |       |     1 ||     2
  Eat: Chunk             |       |     4 |    10 |    19 ||    33
       Ration            |       |       |     1 |     1 ||     2
Armor: Scale mail        |    32 |    15 |       |       ||    47
       Plate armour      |       |    75 |   128 |   222 ||   425
Dodge: Dodged            |    34 |    56 |    74 |   165 ||   329
       Deflected         |       |       |       |     3 ||     3
Block: Other             |       |       |       |    56 ||    56
